 Dungeon Crawl Stone Soup version 0.30.0-15-g856e2d3f33 (webtiles) character file.

Game seed: 13456818156795142017

37 growler the Insei (level 3, 0/26 HPs)
             Began as a Merfolk Transmuter on May 18, 2023.
             Slain by a gnoll
             ... wielding a +0 spear
              (6 damage)
             ... on level 3 of the Dungeon.
             The game lasted 00:04:02 (1735 turns).

growler the Insei (Merfolk Transmuter)              Turns: 1735, Time: 00:04:03

Health: 0/26       AC:  2    Str: 10    XL:     3   Next: 41%
Magic:  2/6        EV: 12    Int: 14    God:
Gold:   124        SH:  0    Dex: 14    Spells: 1/7 levels left

rFire   . .          .
                       - Unarmed
rCold   . . .        (no shield)
rNeg    . . .        a - +0 robe
rPois   .            (helmet currently unavailable)
rElec   .            (no cloak)
rCorr   .            (no gloves)
SInv    .            (boots currently unavailable)
Will    .....        (no amulet)
Stlth   +            (no ring)
HPRegen 0.24/turn    (no ring)
MPRegen 0.10/turn

%: no passive effects
@: appendages (expiring), wereblooded, very slightly contaminated
A: horns 2, (nimble swimmer 2), mertail
a: End Transformation


You were on level 3 of the Dungeon.
You had temporarily grown beastly horns.
You visited 1 branch of the dungeon, and saw 3 of its levels.

You collected 124 gold pieces.

Inventory:

Armour
 a - a +0 robe (worn)
Scrolls
 c - 2 scrolls of poison {unknown}
 d - 3 scrolls of identify {unknown}
 e - a scroll of summoning {unknown}
 f - a scroll of brand weapon {unknown}
 g - a scroll of magic mapping {unknown}
 h - a scroll of torment {unknown}
 i - a scroll of acquirement {unknown}
 k - a scroll of fear {unknown}
 n - a scroll of immolation {unknown}
 o - 3 scrolls of noise {unknown}
 p - 2 scrolls of enchant armour {unknown}
 r - 2 scrolls of teleportation {unknown}
 s - 2 scrolls of vulnerability {unknown}
Potions
 b - 2 potions of degeneration {unknown}
 j - a potion of resistance {unknown}
 l - 2 potions of haste {unknown}
 m - 2 potions of heal wounds {unknown}
 q - 2 potions of cancellation {unknown}
 t - a potion of invisibility {unknown}


   Skills:
 - Level 1.1 Fighting
 - Level 2.6 Dodging
 + Level 3.8 Unarmed Combat
 + Level 2.5 Spellcasting
 + Level 3.6 Transmutations


You had one spell level left.
You knew the following spells:

 Your Spells              Type           Power      Damage    Failure   Level
a - Beastly Appendage     Tmut           24%        N/A       4%          1
b - Wereblood             Tmut           12%        N/A       8%          2
c - Spider Form           Tmut/Pois      6%         N/A       32%         3

Your spell library contained the following spells:

 Spells                   Type           Power      Damage    Failure   Level
 Ice Form                 Ice/Tmut       6%         N/A       71%         4


Dungeon Overview and Level Annotations

Branches:
Dungeon (3/15)

Altars:


Innate Abilities, Weirdness & Mutations

You have temporarily grown beastly horns.
((You are very nimble when in or above water. (Stealth+, EV+, Speed+++)))
Your lower body shifts to a powerful aquatic tail in water.


Message History

You see here a scroll labelled CUORUDULANK.
You grow a pair of large bovine horns.
The gnoll shouts!
You hear a shout!
You hear an angry hiss.
Casting: Beastly Appendage (safe; 4% risk of failure)
Confirm with . or Enter, or press ? or * to list all spells.
Your blood is infused with primal strength.
Casting: Wereblood (safe; 8% risk of failure)
Confirm with . or Enter, or press ? or * to list all spells.
The spell is extremely dangerous to miscast (32% risk of failure)!
Continue anyway?
Okay, then.
Casting: Spider Form (extremely dangerous; 32% risk of failure)
Confirm with . or Enter, or press ? or * to list all spells.
The spell is extremely dangerous to miscast (32% risk of failure)!
Continue anyway?
You miscast Spider Form.
You are very lightly contaminated with residual magic.
You feel a strange surge of energy. The bat barely misses you.
You miss the bat. Your headbutt misses the bat. The bat misses you.
A ball python comes into view.
A gnoll comes into view. It is wielding a +0 halberd.
The bat barely misses you. The bat hits you.
The bat hits you but does no damage. The bat hits you.
The bat hits you but does no damage.
The gnoll hits you from afar with a +0 spear.
The gnoll misses you.
The gnoll hits you from afar with a +0 spear.
You barely miss the gnoll. You hit the gnoll but do no damage.
The gnoll closely misses you. The gnoll misses you.
The gnoll hits you with a +0 spear.
You hit the gnoll.
You headbutt the gnoll, but do no damage.
The gnoll is lightly wounded.
The gnoll completely misses you.
The gnoll hits you from afar with a +0 spear!
* * * LOW HITPOINT WARNING * * *
The gnoll misses you.
Your transformation is almost over.
The gnoll hits you from afar with a +0 spear.
You die...

....##.....######.. #...
######.......# . #..#
######.......# ##. #..#####
.....#.......# #.. .......#
####.#........##.######.....
. #.....##.##.#....#..##.!..
...##.# #.#....g?...S...
..... #.#....#..##.... ...#
#@#..g.#..# . ...#
#.#.g..#..# #.. #g#....#..#
.. #.##g......... ..
#...#........## ..
###.#........# .#
#.#######.># .# #.# .... .#
#.##### .##


You could see 2 gnolls.

Vanquished Creatures
  A dart slug (D:1)
  3 endoplasms
  2 giant cockroaches (D:2)
  3 goblins
  2 hobgoblins
  2 jackals (D:2)
  4 quokkas
  4 ball pythons
  3 bats
  4 frilled lizards
  A kobold (D:2)
  3 rats
32 creatures vanquished.

Notes
Turn   | Place    | Note
-------+----------+-------------------------------------------
     0 | D:1      | growler the Merfolk Transmuter began the quest for the Orb.
     0 | D:1      | Reached XP level 1. HP: 15/15 MP: 3/3
   283 | D:1      | Reached XP level 2. HP: 20/21 MP: 3/5
   286 | D:1      | Learned a level 2 spell: Wereblood
   962 | D:2      | Reached XP level 3. HP: 25/26 MP: 6/6
   966 | D:2      | Learned a level 3 spell: Spider Form
  1735 | D:3      | Slain by a gnoll

Illustrated notes

Levels and vault maps discovered:
D:1:      psy_arrival_dodecagon, layout_rooms, minivault_27,
          serial_bayou_pond_c, minivault_14
D:2:      layout_basic
D:3:      layout_basic, vehumet_altar_wand_db

Skill      XL: |  1 |
---------------+----+-----
Transmutations | 3 |  3.6
Fighting       | |  1.1
Dodging        | |  2.6
Unarmed Combat | |  3.8
Spellcasting   | |  2.5

Action                     || total
---------------------------++-------
  Melee: Unarmed           ||    86
         Headbutt          ||     6
         Punch             ||     1
   Cast: Beastly Appendage ||    20
         Wereblood         ||     3
    Use: Potion            ||     1
   Stab: Sleeping          ||     2
 Armour: Robe              ||    14
         Skin              ||     2
  Dodge: Dodged            ||    55
